 Dungeon Crawl Stone Soup version 0.28-a0-1594-ga885d4b3d6 (webtiles) character file.

Game seed: 10661111976966057686

791 sasquatch the Ruffian (level 7, -4/70 HPs)
             Began as a Troll Monk on Jan 21, 2022.
             Slain by a vampire mosquito (9 damage)
             ... on level 5 of the Dungeon.
             The game lasted 00:06:00 (3427 turns).

sasquatch the Ruffian (Troll Monk)                  Turns: 3427, Time: 00:06:00

Health: -4/70      AC:  6    Str: 22    XL:     7   Next: 57%
Magic:  6/6        EV: 10    Int:  6    God:
Gold:   194        SH:  0    Dex: 12    Spells: 6/6 levels left

rFire   . . .      SeeInvis .     - Unarmed
rCold   . . .      Faith    .   (no shield)
rNeg    . . .      Spirit   .   k - +0 troll leather armour
rPois   .          Reflect  .   (helmet restricted)
rElec   .          Harm     .   (no cloak)
rCorr   .          Rampage  .   (gloves unavailable)
Will    .....                   (boots unavailable)
Stlth   +.........              (no amulet)
HPRegen 1.81/turn               e - ring of wizardry
MPRegen 0.10/turn               (no ring)

@: no status effects
A: large, unfitting armour, claws 3, regeneration 1, shaggy fur 1, tough skin 1
a: no special abilities


You were on level 5 of the Dungeon.
You visited 1 branch of the dungeon, and saw 6 of its levels.

You collected 194 gold pieces.

Inventory:

Armour
 a - a +0 robe
 k - a +0 troll leather armour (worn)
Jewellery
 e - a ring of wizardry (left claw)
Scrolls
 b - 6 scrolls of identify {unknown}
 d - 6 scrolls of teleportation {unknown}
 h - a scroll of blinking {unknown}
 i - a scroll of brand weapon {unknown}
 j - a scroll of amnesia {unknown}
Potions
 c - 3 potions of heal wounds {unknown}
 f - a potion of lignification {unknown}
 g - 2 potions of haste {unknown}
 l - a potion of invisibility {unknown}


   Skills:
 + Level 4.2 Fighting
 + Level 4.3 Dodging
 - Level 1.0 Stealth
 * Level 6.7 Unarmed Combat


You had 6 spell levels left.
You didn't know any spells.
Your spell library contained the following spells:

 Spells                   Type           Power      Damage    Failure   Level
 Ozocubu's Armour         Ice            0%         N/A       52%         3
 Ozocubu's Refrigeration  Ice            0%         4d5       100%        7


Dungeon Overview and Level Annotations

Branches:
Dungeon (6/15)
 Temple: D:4-7

Altars:
Qazlal
Trog


Innate Abilities, Weirdness & Mutations

You are too large for most types of armour.
You have claws for hands.
Your natural rate of healing is unusually fast.
You are covered in fur. (AC +1)
You have tough skin. (AC +1)


Message History

The vampire mosquito bites you but does no damage.
The vampire mosquito bites you.
The vampire mosquito draws strength from your injuries!
The vampire mosquito bites you!
The vampire mosquito draws strength from your injuries!
The vampire mosquito misses you.
There is a stone staircase leading up, spattered with blood here.
The vampire mosquito bites you!
The vampire mosquito draws strength from your injuries!
The vampire mosquito misses you. The vampire mosquito bites you!
* * * LOW HITPOINT WARNING * * *
The vampire mosquito draws strength from your injuries!
The vampire mosquito bites you.
* * * LOW HITPOINT WARNING * * *
The vampire mosquito draws strength from your injuries!
You climb upwards.
Reactivating autopickup.
There is a stone staircase leading down here.
There is an open door here.
You barely miss the vampire mosquito.
The vampire mosquito bites you but does no damage.
The vampire mosquito closely misses you.
You closely miss the vampire mosquito. The vampire mosquito bites you!
* * * LOW HITPOINT WARNING * * *
The vampire mosquito draws strength from your injuries!
The vampire mosquito bites you.
* * * LOW HITPOINT WARNING * * *
The vampire mosquito draws strength from your injuries!
You closely miss the vampire mosquito. The vampire mosquito barely misses you.
You barely miss the vampire mosquito. The vampire mosquito bites you!
* * * LOW HITPOINT WARNING * * *
The vampire mosquito draws strength from your injuries!
The vampire mosquito bites you.
* * * LOW HITPOINT WARNING * * *
The vampire mosquito draws strength from your injuries!
You closely miss the vampire mosquito. The vampire mosquito bites you.
* * * LOW HITPOINT WARNING * * *
The vampire mosquito draws strength from your injuries!
The vampire mosquito bites you!
You die...

####### #.....#
####### #.....#
#.....#
###.....###.....#####
#.).y................
#.##y################
#.##@#### #....# #
#.##....# #....# #
#.##..#.####....# #
#.##.......#....#####
#.##.##.##.#.........
#.......##...........
####.....+...........
#######...........
####'##.....


You could see 2 vampire mosquitoes.

Vanquished Creatures
  A troll (D:5)
  A bullfrog (D:4)
  A scorpion (D:5)
  A howler monkey (D:5)
  A centaur zombie (D:5)
  A hound (D:5)
  A centaur skeleton (D:5)
  2 orc priests
  A scorpion zombie (D:5)
  An orc wizard (D:4)
  2 hound skeletons
  7 gnolls
  4 adders
  An ufetubus (D:4)
  4 dart slugs
  8 orcs
  6 endoplasms
  4 giant cockroaches
  4 goblins
  4 hobgoblins
  7 jackals
  A quokka (D:1)
  3 ball pythons (D:1)
  5 bats
  2 frilled lizards
  5 kobolds
  4 rats (D:3)
82 creatures vanquished.

Notes
Turn   | Place    | Note
-------+----------+-------------------------------------------
     0 | D:1      | sasquatch the Troll Monk began the quest for the Orb.
     0 | D:1      | Reached XP level 1. HP: 22/22 MP: 0/0
   114 | D:1      | Reached XP level 2. HP: 27/29 MP: 1/1
   466 | D:1      | Found a faded altar of an unknown god.
   801 | D:2      | Reached XP level 3. HP: 36/36 MP: 2/2
   972 | D:2      | Reached skill level 4 in Unarmed Combat
  1315 | D:3      | You fall into a shaft and drop 1 floor!
  1319 | D:4      | Reached XP level 4. HP: 44/44 MP: 3/3
  2019 | D:4      | Noticed a bullfrog
  2023 | D:4      | Reached XP level 5. HP: 50/53 MP: 4/4
  2078 | D:4      | Found a stormy altar of Qazlal.
  2153 | D:4      | Reached skill level 5 in Unarmed Combat
  2177 | D:4      | Reached XP level 6. HP: 31/61 MP: 5/5
  2262 | D:4      | Found a bloodstained altar of Trog.
  2519 | D:5      | Entered Level 5 of the Dungeon
  2625 | D:5      | Noticed a troll
  2641 | D:5      | Killed a troll
  2642 | D:5      | Reached skill level 6 in Unarmed Combat
  2642 | D:5      | Reached XP level 7. HP: 50/68 MP: 6/6
  3404 | D:6      | Noticed a vampire mosquito
  3405 | D:6      | Noticed a vampire mosquito
  3406 | D:6      | Noticed a vampire mosquito
  3427 | D:5      | Slain by a vampire mosquito

Illustrated notes

Levels and vault maps discovered:
D:1:      lightli_arrival_farm, layout_basic, basic_ecumenical_altar
D:2:      layout_basic, grunt_decor_one_mirror
D:3:      layout_loops_cross
D:4:      layout_cave_pools, kennysheep_little_box, trog_book
D:5:      layout_basic
D:6:      layout_cave_pools, minmay_temple_entry_tees, serial_glass,
          glass_columns_a, glass_columns_a, kennysheep_generic_room_5

Skill      XL: |  1  2  3  4  5  6  7 |
---------------+----------------------+-----
Unarmed Combat | 4 5 6 |  6.7
Dodging        | 3 4 |  4.3
Fighting       | 3 4 |  4.2
Stealth        | |  1.0

Action                   |  1- 3 |  4- 6 |  7- 9 || total
-------------------------+-------+-------+-------++-------
Melee: Unarmed           |    73 |   124 |    40 ||   237
       Punch             |     3 |     3 |     2 ||     8
 Stab: Sleeping          |     5 |     2 |       ||     7
       Distracted        |     1 |       |       ||     1
Armor: Robe              |    36 |    42 |       ||    78
       Troll leather arm |       |       |    16 ||    16
Dodge: Dodged            |    31 |    75 |    20 ||   126

Table legend: (Time is in decaauts)
 A = Elapsed time spent in this place.
 B = Non-inter-level travel time spent in this place.
 C = Inter-level travel time spent in this place.
 D = Time resting spent in this place.
 E = Time spent auto-exploring this place.
 F = Levels seen in this place.
 G = Mean time per level.
                   A        B        C        D        E       F      G
               +--------+--------+--------+--------+--------+-----+--------+
         Total |   3429 |   3260 |    169 |      6 |   2692 |   6 |  571.5 |
       Dungeon |   3429 |   3260 |    169 |      6 |   2692 |   6 |  571.5 |
               +--------+--------+--------+--------+--------+-----+--------+

Top non-repeatable levels by time:
     D:5: 875 daAuts
     D:1: 706 daAuts
     D:2: 625 daAuts
     D:3: 622 daAuts
     D:4: 573 daAuts
     D:6: 26 daAuts
